 Dungeon Crawl Stone Soup version 0.31.0-4-g52a2dc7128 (webtiles) character file.

Game seed: 2187607271358610514

1031 gelatine the Chopper (level 8, 0/50 (60) HPs)
             Began as a Demonspawn Fighter on Jan 21, 2024.
             Killed from afar by an electric eel (8 damage)
             ... with a bolt of electricity
             ... on level 6 of the Dungeon.
             The game lasted 00:11:07 (5058 turns).

gelatine the Chopper (Demonspawn Fighter)           Turns: 5058, Time: 00:11:08

HP:   0/50 (60)     AC:  9    Str: 25    XL:     8   Next: 3%
MP:   8/8           EV: 16    Int:  8    God:
Gold: 445           SH:  5    Dex: 13    Spells: 7/7 levels left

rFire   . . .        a - +0 war axe
rCold   . . .        c - +0 buckler
rNeg    . . .        b - +0 scale mail
rPois   .            (helmet restricted)
rElec   .            m - scarf {+Inv}
rCorr   .            w - +0 pair of gloves
SInv    .            (no boots)
Will    .....        i - amulet of magic regeneration
Stlth   x              - +5 ring of evasion
HPRegen 0.28/turn    k - +6 ring of strength
MPRegen 0.51/turn

%: no passive effects
@: heavily drained, very slow
A: horns 1, sharp scales 1
a: Evoke Invisibility


You were on level 6 of the Dungeon.
You visited 2 branches of the dungeon, and saw 7 of its levels.

You collected 445 gold pieces.

Inventory:

Hand Weapons
 a - a +0 war axe (weapon)
Armour
 b - a +0 scale mail (worn)
 c - a +0 buckler (worn)
 m - a scarf of invisibility (worn)
 w - a +0 pair of gloves (worn)
Jewellery
 h - a ring of see invisible
 i - an amulet of magic regeneration (around neck)
 k - a +6 ring of strength (right hand)
 l - a ring of willpower
 x - a +5 ring of evasion (left hand)
Scrolls
 e - 4 scrolls of vulnerability
 g - 4 scrolls of revelation
 j - a scroll of teleportation
 n - a scroll of acquirement {unknown}
 o - a scroll of immolation {unknown}
 p - 2 scrolls of fear {unknown}
 q - 2 scrolls of blinking {unknown}
 u - a scroll of amnesia {unknown}
 y - a scroll of torment {unknown}
 z - 4 scrolls of poison {unknown}
 A - 2 scrolls of noise {unknown}
 C - a scroll of enchant armour {unknown}
Potions
 f - 2 potions of magic
 r - a potion of enlightenment
 t - a potion of brilliance
 v - 3 potions of lignification {unknown}
 F - a potion of mutation {unknown}


   Skills:
 + Level 4.0 Fighting
 + Level 5.0 Axes
 + Level 1.2 Throwing
 + Level 4.0 Armour
 * Level 3.2 Dodging
 + Level 0.2 Stealth
 + Level 3.5 Shields
 * Level 3.6 Evocations


You had 7 spell levels left.
You didn't know any spells.
Your spell library contained the following spells:

 Spells                   Type           Power      Damage    Failure   Level
 Apportation              Tloc           0%         N/A       77%         1
 Jinxbite                 Hex            0%         N/A       88%         2
 Lesser Beckoning         Tloc           0%         N/A       88%         2
 Scorch                   Fire           0%         2d5       88%         2
 Gell's Gravitas          Tloc           0%         N/A       98%         3
 Teleport Other           Tloc           0%         N/A       98%         3
 Volatile Blastmotes      Fire/Tloc      0%         2d10      98%         3
 Anguish                  Hex/Necr       0%         N/A       100%        4
 Cause Fear               Hex            0%         N/A       100%        4
 Flame Wave               Conj/Fire      0%         2d4       100%        4
 Fulminant Prism          Conj/Alch      0%         3d5       100%        4
 Iskenderun's Mystic Bla  Conj/Tloc      0%         2d3       100%        4
 Alistair's Intoxication  Alch           0%         N/A       100%        5
 Summon Cactus Giant      Summ           0%         N/A       100%        6
 Enfeeble                 Hex            0%         N/A       100%        7


Dungeon Overview and Level Annotations

Branches:
Dungeon (6/15)             Temple (1/1) D:5

Altars:
Ashenzari
Cheibriados
Fedhas
Gozag
Hepliaklqana
Kikubaaqudgha
Nemelex Xobeh
Okawaru
Qazlal
Sif Muna
Trog
Vehumet
Wu Jian
Xom
Yredelemnul

Annotations:
D:6 Edmund


Innate Abilities, Weirdness & Mutations

You have a pair of small horns on your head.
You are partially covered in razor-sharp scales. (AC +1, Slay +1)


Message History

Moving in this stuff is going to be slow.
An electric eel is nearby!
The electric eel shoots out a bolt of lightning at you!
The bolt of electricity hits you!
You enter the shallow water.
Moving in this stuff is going to be slow.
You closely miss the electric eel.
The electric eel is moderately wounded.
You completely miss the plant. You slash the plant!
The plant begins to die.
Your unstable footing causes you to fumble your attack.
You closely miss the electric eel. Your headbutt misses the electric eel.
The electric eel is moderately wounded.
You hit the plant.
The plant begins to die.
You slash the plant!
A nearby plant withers and dies.
The electric eel shoots out a bolt of lightning at you!
The bolt of electricity hits you!
Your unstable footing causes you to fumble your attack.
The electric eel shoots out a bolt of lightning at you!
The bolt of electricity misses you.
You barely miss the electric eel. Your headbutt misses the electric eel.
The electric eel is moderately wounded.
You hit the plant.
Your unstable footing causes you to fumble your attack.
A nearby plant withers and dies.
The electric eel shoots out a bolt of lightning at you!
The bolt of electricity hits you.
Your unstable footing causes you to fumble your attack.
The electric eel shoots out a bolt of lightning at you!
The bolt of electricity hits you!
The electric eel shoots out a bolt of lightning at you!
The bolt of electricity hits you!
* * * LOW HITPOINT WARNING * * *
You barely miss the electric eel.
The electric eel is moderately wounded.
Your unstable footing causes you to fumble your attack.
You closely miss the electric eel.
The electric eel is moderately wounded.
The electric eel shoots out a bolt of lightning at you!
The bolt of electricity hits you!
You die...

######..)####'...........##......
#...#..#'...........#.......
..........$...........#._.....
.............~♣♣♣♣♣.....#.....##
.....#...<..~~P♣~~~♣..........#
.....##+♣♣♣~~~~~~~~~..........#
..... ♣~~~~≈≈~~P~~..........##
...# ~~~≈≈≈S~~~P~♣...........
~~~P≈~~~@~~~P~♣#+#..###..
~~~~~P~~~~.~~.♣.[........
♣P~~~?~~.~(.............
.....................)..
............~~~~........
....P.~~~~~~~♣~P........
..P~~~~~~P~~♣~..........
...~P~P♣PPP♣P##'#..##...
...♣♣♣♣♣♣♣♣....#..##...


You could see an electric eel.

Vanquished Creatures
  An ice beast (D:6)
  2 black bears
  Blork the orc (D:4)
  A kobold brigand (D:4)
  A gnoll sergeant (D:5)
  A scorpion (D:5)
  An electric eel (D:6)
  2 bombardier beetles (D:5)
  A howler monkey (D:5)
  A hound (D:6)
  2 jellies (D:5)
  A sleepcap (D:6)
  2 iguanas
  4 gnolls (D:5)
  6 adders
  4 dart slugs
  A ribbon worm (D:3)
  4 orcs
  8 bats
  6 endoplasms
  3 giant cockroaches
  2 goblins
  7 hobgoblins
  4 jackals (D:2)
  3 quokkas
  9 ball pythons
  A frilled lizard (D:1)
  13 kobolds
  10 rats
102 creatures vanquished.

Notes
Turn   | Place    | Note
-------+----------+-------------------------------------------
     0 | D:1      | gelatine the Demonspawn Fighter began the quest for the
                  | Orb.
     0 | D:1      | Reached XP level 1. HP: 18/18 MP: 1/1
   146 | D:1      | Gained mutation: You have a pair of small horns on your
                  | head. [demonic ancestry]
   146 | D:1      | Reached XP level 2. HP: 24/24 MP: 2/2
   439 | D:1      | Reached skill level 2 in Axes
   791 | D:1      | Gained mutation: You are partially covered in razor-sharp
                  | scales. (AC +1, Slay +1) [demonic ancestry]
   791 | D:1      | Reached XP level 3. HP: 29/29 MP: 3/3
  1246 | D:2      | Reached skill level 3 in Axes
  1287 | D:2      | Reached XP level 4. HP: 27/35 MP: 4/4
  1681 | D:3      | Noticed a black bear
  1694 | D:3      | Killed a black bear
  1695 | D:3      | Reached skill level 1 in Dodging
  1695 | D:3      | Reached skill level 1 in Evocations
  1695 | D:3      | Reached XP level 5. HP: 20/41 MP: 5/5
  2314 | D:4      | Noticed Blork the orc
  2325 | D:4      | Killed Blork the orc
  2326 | D:4      | Reached XP level 6. HP: 9/48 MP: 6/6
  2872 | D:4      | Reached skill level 4 in Axes
  3035 | D:5      | Entered Level 5 of the Dungeon
  3035 | D:5      | Found a staircase to the Ecumenical Temple.
  3040 | Temple   | Entered the Ecumenical Temple
  3111 | D:5      | Found a basalt altar of Yredelemnul.
  3149 | D:5      | HP: 2/48 [burnt (5)]
  3330 | D:5      | Reached XP level 7. HP: 40/53 MP: 7/7
  4209 | D:6      | Reached skill level 5 in Axes
  4326 | D:6      | Found a snail-covered altar of Cheibriados.
  4552 | D:6      | Noticed Edmund
  4572 | D:6      | Found an opulent altar of Gozag.
  4583 | D:6      | Reached skill level 1 in Throwing
  4593 | D:6      | HP: 2/44 [Edmund/+2 dire flail of draining (2)]
  4784 | D:6      | Reached XP level 8. HP: 22/49 MP: 8/8
  5058 | D:6      | Killed from afar by an electric eel

Illustrated notes

Levels and vault maps discovered:
D:1:      sevenhm_arrival_forest_fort_large_3, layout_loops_ring,
          chequers_serial_rivers_micro_c, minmay_rat_gold_closets
D:2:      layout_rooms, minmay_circle_x
D:3:      layout_basic, minmay_misc_feat_cross, serial_bayou_lake_a
D:4:      cheibrodos_thug_alley, layout_basic, uniq_blork_the_orc
D:5:      layout_loops_ring, amcnicky_altar_gilded,
          minmay_temple_entry_drinking_statues
D:6:      layout_basic, cheibriados_altar_1, nicolae_uskayaw_dance_hall,
          nicolae_gozag_seed_capital, nicolae_ru_path_of_blood, serial_bayou,
          serial_bayou_pond_d, serial_bayou_ford_a, serial_bayou_lagoon_b,
          serial_bayou_crossing, uniq_edmund
Temple:   nicolae_temple_ecumenical_triangle

Skill      XL: |  1  2  3  4  5  6  7 |
---------------+----------------------+-----
Shields        | 3 |  3.5
Axes           | 2 3 4 5 |  5.0
Armour         | 3 4 |  4.0
Dodging        | 1 2 3 |  3.2
Evocations     | 1 2 3 |  3.6
Fighting       | 4 |  4.0
Throwing       | 1 |  1.2
Stealth        | |  0.2

Action                     |  1- 3 |  4- 6 |  7- 9 || total
---------------------------+-------+-------+-------++-------
  Melee: War axe           |   117 |   113 |    85 ||   315
         Headbutt          |    12 |    24 |    13 ||    49
  Throw: Boomerang         |       |       |    18 ||    18
         Throwing net      |       |       |     1 ||     1
    Use: Scroll            |       |     7 |     2 ||     9
         Potion            |       |     1 |     3 ||     4
 Armour: Scale mail        |    90 |    73 |    54 ||   217
  Dodge: Dodged            |    62 |    66 |    66 ||   194
  Block: Buckler           |    34 |    26 |    15 ||    75
